 Dungeon Sprint DCSS version 0.31-a0-1458-g2f8d4710b4 (webtiles) character file.

Game seed: 1607149301436591198

335 Groucho the Geomancer (level 6, 0/35 HPs)
             Began as a Deep Elf Earth Elementalist on Dec 28, 2023.
             Was a High Priest of Sif Muna.
             Killed from afar by a lindwurm (35 damage)
             ... with a blast of flame
             ... in the Dungeon (Sprint VII: "The Pits").
             The game lasted 00:03:51 (1917 turns).

Groucho the Geomancer (Deep Elf Earth Elementalist) Turns: 1917, Time: 00:03:52

Health: 0/35       AC:  2    Str:  5    XL:     6   Next: 28%
Magic:  12/18      EV: 14    Int: 22    God:    Sif Muna [*****.]
Gold:   0          SH:  0    Dex: 15    Spells: 7/19 levels left

rFire   . . .        h - +2 dagger
rCold   . . .        (no shield)
rNeg    . . .        a - +0 robe
rPois   .            (no helmet)
rElec   .            (no cloak)
rCorr   .            (no gloves)
SInv    .            (no boots)
Will    .....        (no amulet)
Stlth   +++          (no ring)
HPRegen 0.25/turn    (no ring)
MPRegen 0.16/turn

%: no teleportation
@: no status effects
A: no striking features
a: Renounce Religion, Channel Magic, Forget Spell, Divine Exegesis


You were in the Dungeon.
You worshipped Sif Muna.
Sif Muna was extremely pleased with you.
You visited 1 branch

Inventory:

Hand Weapons
 h - a +2 dagger (weapon)
Armour
 a - a +0 robe (worn)
 m - a +3 ring mail
Scrolls
 g - a scroll of blinking
 j - 2 scrolls of vulnerability
 k - 5 scrolls of amnesia
 l - a scroll of butterflies
Potions
 b - 5 potions of magic
 c - 6 potions of curing
 d - 6 potions of heal wounds
 e - a potion of haste
 f - 3 potions of berserk rage
 i - 2 potions of invisibility


   Skills:
 - Level 2.0 Fighting
 + Level 3.7 Short Blades
 - Level 5.0 Dodging
 - Level 5.0 Stealth
 - Level 7.0 Spellcasting
 + Level 5.0 Conjurations
 - Level 10.0 Earth Magic
 + Level 3.6 Alchemy


You had 7 spell levels left.
You knew the following spells:

 Your Spells              Type           Power      Damage    Failure   Level
a - Sandblast             Erth           100%       2d20      1%          1
b - Stone Arrow           Conj/Erth      80%        3d12      1%          3
c - Petrify               Alch/Erth      37%        N/A       4%          4
d - Brom's Barrelling Bo  Conj/Erth      40%        2d6       3%          4

Your spell library contained the following spells:

 Spells                   Type           Power      Damage    Failure   Level
 Passwall                 Erth           51%        N/A       1%          3


Dungeon Overview and Level Annotations

Branches:
Dungeon (1/1)

Altars:
Ashenzari
Cheibriados
Dithmenos
Elyvilon
Fedhas
Gozag
Hepliaklqana
Kikubaaqudgha
Makhleb
Nemelex Xobeh
Okawaru
Qazlal
Ru
Sif Muna
Trog
Uskayaw
Vehumet
Wu Jian
Xom
Yredelemnul
Zin
The Shining One
Jiyva
Lugonu


Message History

Aiming: Stone Arrow (safe; 1% risk of failure)
Press: ? - help, Shift-Dir - straight line, f - ball python zombie
Aim: a ball python zombie (89% to hit)
The stone arrow hits the ball python zombie!!
You destroy the ball python zombie!
Sif Muna accepts your kill.
Unknown command.
Unknown command.
There is an open door here.
You start resting.
Magic restored.
You start waiting.
Done waiting.
You start waiting.
Done waiting.
You open the door.
A lindwurm comes into view.
Okay, then.
Press: ? - help, v - describe, . - travel
Here: a lindwurm (asleep)
The floor.
Casting: Stone Arrow (safe; 1% risk of failure)
Confirm with . or Enter, or press ? or * to list all spells.
Aiming: Stone Arrow (safe; 1% risk of failure)
Press: ? - help, Shift-Dir - straight line, f - lindwurm
Aim: a lindwurm (asleep, 100% to hit)
The stone arrow hits the lindwurm!
The lindwurm is moderately wounded.
The lindwurm roars!
Casting: Stone Arrow (safe; 1% risk of failure)
Confirm with . or Enter, or press ? or * to list all spells.
Aiming: Stone Arrow (safe; 1% risk of failure)
Press: ? - help, Shift-Dir - straight line, f/p - lindwurm
Aim: a lindwurm (moderately wounded, 89% to hit)
The stone arrow hits the lindwurm!!
The lindwurm is severely wounded.
The lindwurm breathes flames at you. The blast of flame hits you!!
Ouch! That really hurt!
You die...

#)#........##.......#
#'###########.......#
#..#.#.## #########
#.......# ##.#.#.##
#.......#+#
##.#.#.##.+
#.......#k#
##.#.#..@.#
##########


You could see a lindwurm (catching breath).

Vanquished Creatures
  A glass eye (D)
  A necrophage (D)
  Jessica (D)
  An iguana (D)
  A river rat (D)
  An endoplasm (D)
  A goblin (D)
  A hobgoblin (D)
  9 jackals (D)
  A quokka (D)
  3 ball pythons (D)
  A ball python zombie (D)
22 creatures vanquished.

Notes
Turn   | Place    | Note
-------+----------+-------------------------------------------
     0 | D        | Groucho the Deep Elf Earth Elementalist began the quest for
                  | the Orb.
     0 | D        | Reached XP level 1. HP: 10/10 MP: 6/6
    38 | D        | Found a glowing golden altar of the Shining One.
    38 | D        | Found a glowing silver altar of Zin.
    38 | D        | Found a basalt altar of Yredelemnul.
    38 | D        | Found a shimmering altar of Xom.
    38 | D        | Found an ornate altar of the Wu Jian Council.
    38 | D        | Found a bloodstained altar of Trog.
    38 | D        | Found a shimmering blue altar of Sif Muna.
    38 | D        | Found a sacrificial altar of Ru.
    38 | D        | Found a stormy altar of Qazlal.
    38 | D        | Found an iron altar of Okawaru.
    38 | D        | Found a sparkling altar of Nemelex Xobeh.
    38 | D        | Found a burning altar of Makhleb.
    38 | D        | Found a viscous altar of Jiyva.
    38 | D        | Found a hazy altar of Hepliaklqana.
    38 | D        | Found an opulent altar of Gozag.
    38 | D        | Found a blossoming altar of Fedhas.
    38 | D        | Found a white marble altar of Elyvilon.
    38 | D        | Found a shadowy altar of Dithmenos.
    38 | D        | Found a snail-covered altar of Cheibriados.
    39 | D        | Found a radiant altar of Vehumet.
    39 | D        | Found a corrupted altar of Lugonu.
    40 | D        | Found an ancient bone altar of Kikubaaqudgha.
    40 | D        | Found a hide-covered altar of Uskayaw.
    40 | D        | Found a broken altar of Ashenzari.
    41 | D        | Became a worshipper of Sif Muna the Loreminder
    50 | D        | Reached skill level 4 in Earth Magic
   329 | D        | Reached * piety under Sif Muna
   333 | D        | Reached skill level 5 in Earth Magic
   333 | D        | Reached XP level 2. HP: 15/15 MP: 3/9
   619 | D        | Noticed a glass eye
   628 | D        | Reached ** piety under Sif Muna
   927 | D        | Killed a glass eye
   927 | D        | Reached *** piety under Sif Muna
   928 | D        | Reached skill level 10 in Earth Magic
   928 | D        | Reached XP level 3. HP: 21/21 MP: 1/13
   928 | D        | Reached XP level 4. HP: 26/26 MP: 1/15
   928 | D        | Reached XP level 5. HP: 30/30 MP: 1/16
  1372 | D        | Learned a level 3 spell: Stone Arrow
  1377 | D        | Learned a level 4 spell: Petrify
  1382 | D        | Learned a level 4 spell: Brom's Barrelling Boulder
  1408 | D        | Reached **** piety under Sif Muna
  1412 | D        | Reached skill level 5 in Stealth
  1412 | D        | Reached XP level 6. HP: 35/35 MP: 10/18
  1420 | D        | Noticed Jessica
  1429 | D        | Killed Jessica
  1429 | D        | Reached ***** piety under Sif Muna
  1430 | D        | Reached skill level 5 in Dodging
  1433 | D        | Reached skill level 5 in Conjurations
  1915 | D        | Noticed a lindwurm
  1917 | D        | Killed from afar by a lindwurm

Illustrated notes

Levels and vault maps discovered:
D:        pitsprint [storerooms_1, entrance_room_1, metal_vault_2, armoury_2,
          mini_pit_1, grid_room_1, main_hall_1, silver_pit, the_coven_3,
          the_vestibule_1, steel_vault_5, golden_pit, hallway_of_sentries,
          crystal_vault_3, iron_vault_5, final_vault]

Skill      XL: |  1  2  3  4  5  6 |
---------------+-------------------+-----
Earth Magic    | 5 10 | 10.0
Spellcasting   | 4 7 |  7.0
Fighting       | 2 |  2.0
Short Blades   | 2 3 |  3.7
Dodging        | 3 4 5 |  5.0
Stealth        | 4 5 |  5.0
Conjurations   | 3 4 5 |  5.0
Alchemy        | 2 3 |  3.6

Action                     |  1- 3 |  4- 6 || total
---------------------------+-------+-------++-------
  Melee: Dagger            |       |     1 ||     1
   Cast: Sandblast         |    25 |    10 ||    35
         Stone Arrow       |       |     7 ||     7
 Armour: Robe              |     2 |     1 ||     3
  Dodge: Dodged            |     8 |     1 ||     9

Table legend: (Time is in decaauts)
 A = Elapsed time spent in this place.
 B = Non-inter-level travel time spent in this place.
 C = Inter-level travel time spent in this place.
 D = Time resting spent in this place.
 E = Time spent auto-exploring this place.
 F = Levels seen in this place.
 G = Mean time per level.
                   A        B        C        D        E       F      G
               +--------+--------+--------+--------+--------+-----+--------+
         Total |   1933 |   1933 |      0 |   1667 |      0 |   1 | 1933.0 |
       Dungeon |   1933 |   1933 |      0 |   1667 |      0 |   1 | 1933.0 |
               +--------+--------+--------+--------+--------+-----+--------+

Top non-repeatable levels by time:
       D: 1933 daAuts
